AoeStats
← KaLong

Black Forest

508168641Analyzed
4v4 RM · 12d ago on Sep 21, 2026· 24m 48s· 8 players
Game mode
Random Map
Map size
Large (8 player)
Population
200
Speed
Normal
Resources
Standard
Victory
Conquest
Starting age
Dark Age
Ending age
Imperial Age
RankedLock teamsTeams togetherTeam positionsShared explorationLock speedFull tech treeHidden civsTurbo modeCheats
Victory
Defeat
🇺🇸 Burmese · United States
1494
+18
🇩🇪 Spanish · Germany
1472
+19
🇺🇸 Huns · United States
1460
+19
🇺🇸 Mapuche · United States
1455
+19
🇮🇳 Dravidians · India
1555
-21
🇦🇷 Armenians · Argentina
1549
-19
🇧🇷 Goths · Brazil
1524
-18
🇫🇷 Teutons · France
1495
-17
KaLong
3:11 Loom
12:17 Feudal Age
14:04 Town Watch
16:47 Castle Age
16:49 Double-Bit Axe
17:49 Bow Saw
19:19 Horse Collar
21:03 Wheelbarrow
23:57 Fletching
ConquerKing360
12:00 Feudal Age
15:50 Castle Age
14:05 Double-Bit Axe
14:40 Fletching
16:12 Padded Archer Armor
16:29 Horse Collar
19:09 Bodkin Arrow
20:24 Husbandry
23:05 Heavy Plow
BomBomB0
11:38 Feudal Age
15:33 Castle Age
13:33 Horse Collar
17:46 Wheelbarrow
17:12 Heavy Plow
18:30 Padded Archer Armor
24:59 Town Watch
24:59 Loom
Mangudai
0:37 Loom
17:37 Feudal Age
22:29 Castle Age
The REAL Pepsiman
0:36 Loom
11:17 Feudal Age
16:10 Castle Age
16:16 Man-at-Arms
Dark_Shelly
1:04 Loom
11:52 Feudal Age
15:37 Castle Age
14:21 Double-Bit Axe
14:18 Horse Collar
16:53 Bow Saw
16:51 Heavy Plow
21:25 Town Watch
23:29 Wheelbarrow
_29_3ffect_Arg
7:25 Loom
10:50 Feudal Age
14:54 Castle Age
13:36 Horse Collar
14:26 Double-Bit Axe
15:49 Bow Saw
19:45 Wheelbarrow
20:57 Fervor
逆·风
1:24 Loom
16:01 Feudal Age
17:21 Double-Bit Axe
17:46 Horse Collar
18:42 Town Watch
Connection lost

Rejoining the realm…

Still unreachable

The connection could not be restored.

Session expired

The server has moved on; the page needs a fresh start.